 Dungeon Crawl Stone Soup version 0.28-a0-1159-g27aa881441 (webtiles) character file.

Game seed: 3777651719453066453

166780 emperorscorpion the Cleaver (level 17, -3/137 HPs)
             Began as a Gnoll Cinder Acolyte on Dec 15, 2021.
             Was a Priest of Uskayaw.
             Slain by a salamander (12 damage)
             ... on level 4 of the Snake Pit.
             The game lasted 02:45:29 (43337 turns).

emperorscorpion the Cleaver (Gnoll Cinder Acolyte) Turns: 43337, Time: 02:45:30

Health: -3/137     AC: 21    Str: 23    XL:     17   Next: 91%
Magic:  11/33      EV: 18    Int: 17    God:    Uskayaw [***...]
Gold:   1480       SH: 16    Dex:  9    Spells: 13/40 levels left

rFire   . . .      SeeInvis +   A - +7 scimitar (spect)
rCold   . . .      Faith    +   x - +5 kite shield {reflect}
rNeg    . . .      Spirit   .   p - +2 ring mail {rPois}
rPois   +          Reflect  +   (helmet restricted)
rElec   .          Harm     .   r - +1 cloak of Starlight {*Dazzle EV+4 Stlth--}
rCorr   .          Rampage  .   E - +2 pair of gloves of Hedonism {Regen+ Str+4 Dex-4 Stlth+}
Will    +....      Clarity  +   l - +2 pair of boots
Stlth   +++.......              T - amulet of faith
HPRegen 1.12/turn               c - ring of see invisible
MPRegen 0.23/turn               t - +6 ring of dexterity

@: lethally poisoned (-3 -> -4), about to teleport
A: fangs 1, strong nose, distributed training, antennae 1, iridescent scales 1,
clarity
a: Renounce Religion, Stomp, Line Pass


You were on level 4 of the Snake Pit.
You worshipped Uskayaw.
Uskayaw was pleased with you.
You visited 5 branches of the dungeon, and saw 28 of its levels.

You collected 3523 gold pieces.
You spent 2043 gold pieces at shops.

Inventory:

Hand Weapons
 a - a +3 war axe of electrocution
 b - a +3 hand crossbow of flaming
 g - the +7 captain's cutlass {speed, disarm}
   (You found it on level 6 of the Lair of Beasts)

   Attacks with this weapon are significantly faster.
   It may disarm weapon-wielding foes when striking them, dealing extra damage
   in the process.
 j - a +1 war axe of flaming
 A - a +7 spectral scimitar (weapon)
Missiles
 B - 134 bolts
 O - 60 poisoned darts (quivered)
 S - 5 atropa-tipped darts
 U - 5 datura-tipped darts
Armour
 l - a +2 pair of boots (worn)
 p - a +2 ring mail of poison resistance (worn)
 r - the +1 cloak of Starlight (worn) {*Dazzle EV+4 Stlth--}
   (You acquired it on level 4 of the Dungeon)

   It may blind those who miss an attack against the wearer in melee combat.
   EV:        It affects your evasion (+4).
   Stlth:     It makes you much less stealthy.
 x - a +5 kite shield of reflection (worn)
 E - the +2 pair of gloves of Hedonism (worn) {Regen+ Str+4 Dex-4 Stlth+}
   (You acquired it on level 2 of the Orcish Mines)

   Str:       It affects your strength (+4).
   Dex:       It affects your dexterity (-4).
   Regen:     It increases your rate of health regeneration.
   Stlth:     It makes you more stealthy.
Jewellery
 c - a ring of see invisible (left hand)
 i - the ring "Agomyoj" {Wiz rElec rC+ rN+ Str-2}
   (You acquired it on level 15 of the Dungeon)

   [ring of wizardry]

   It improves your spell success rate.
   Str:       It affects your strength (-2).
   rC:        It protects you from cold.
   rElec:     It insulates you from electricity.
   rN:        It protects you from negative energy.
 o - an amulet of reflection
 t - a +6 ring of dexterity (right hand)
 I - the ring of Lonox {+Blink rN+ Int+4 Stlth+}
   (You found it on level 13 of the Dungeon)

   [ring of positive energy]

   Int:       It affects your intelligence (+4).
   rN:        It protects you from negative energy.
   +Blink:    It lets you blink.
   Stlth:     It makes you more stealthy.
 T - an amulet of faith (around neck)
Wands
 u - a wand of acid (5)
 K - a wand of digging (7)
 V - a wand of polymorph (3)
 Y - a wand of iceblast (11)
 Z - a wand of charming (5)
Scrolls
 e - a scroll of holy word
 h - 6 scrolls of teleportation
 s - 2 scrolls of fear
 y - a scroll of identify
 z - 5 scrolls of amnesia
 J - 3 scrolls of immolation
 N - 7 scrolls of fog
 Q - a scroll of summoning
 W - a scroll of blinking
Potions
 d - 2 potions of cancellation
 f - 6 potions of haste
 k - 4 potions of attraction
 m - a potion of heal wounds
 n - 7 potions of curing
 q - 6 potions of lignification
 v - 3 potions of invisibility
 D - 6 potions of brilliance
 F - 2 potions of might
 M - 11 potions of ambrosia
 P - a potion of flight
 X - a potion of mutation
Miscellaneous
 w - a condenser vane (inert)
 G - a tin of tremorstones (inert)
 H - a lightning rod (4/4)
 R - a phial of floods


   Skills:
 + Level 13.5 Fighting
 + Level 12.0 Short Blades
 + Level 12.0 Long Blades
 + Level 13.5 Axes
 + Level 12.0 Maces & Flails
 + Level 12.0 Polearms
 + Level 12.0 Staves
 + Level 12.0 Slings
 + Level 12.0 Bows
 + Level 12.0 Crossbows
 + Level 12.0 Throwing
 + Level 12.0 Armour
 + Level 12.0 Dodging
 + Level 12.0 Stealth
 + Level 12.0 Shields
 + Level 12.0 Unarmed Combat
 + Level 12.3 Spellcasting
 + Level 10.1 Conjurations
 + Level 10.1 Hexes
 + Level 10.1 Summonings
 + Level 10.1 Necromancy
 + Level 10.1 Translocations
 + Level 10.1 Transmutations
 + Level 11.5 Fire Magic
 + Level 10.1 Ice Magic
 + Level 10.1 Air Magic
 + Level 10.1 Earth Magic
 + Level 10.1 Poison Magic
 + Level 13.0 Invocations
 + Level 12.0 Evocations


You had 13 spell levels left.
You knew the following spells:

 Your Spells              Type           Power      Damage    Failure   Level
a - Lightning Bolt        Conj/Air       22%        1d38      6%          5
b - Conjure Flame         Conj/Fire      47%        6-21      1%          3
c - Vampiric Draining     Necr           45%        2d9       1%          3
d - Teleport Other        Tloc           45%        N/A       1%          3
e - Gell's Gravitas       Tloc           45%        N/A       1%          3
f - Tukima's Dance        Hex            45%        N/A       1%          3
g - Scorch                Fire           98%        2d9       1%          2
h - Lee's Rapid Deconstr  Erth           22%        3d14*     6%          5

Your spell library contained the following spells:

 Spells                   Type           Power      Damage    Failure   Level
 Animate Skeleton         Necr           90%        N/A       1%          1
 Apportation              Tloc           90%        N/A       1%          1
 Beastly Appendage        Tmut           90%        N/A       1%          1
 Pain                     Necr           100%       1d9       1%          1
 Slow                     Hex            100%       N/A       1%          1
 Summon Small Mammal      Summ           100%       N/A       1%          1
 Ensorcelled Hibernation  Hex/Ice        90%        N/A       1%          2
 Searing Ray              Conj           90%        2d7       1%          2
 Wereblood                Tmut           45%        N/A       1%          2
 Call Canine Familiar     Summ           45%        N/A       1%          3
 Confusing Touch          Hex            45%        N/A       1%          3
 Ignite Poison            Fire/Tmut/Pois 46%        N/A       1%          3
 Lesser Beckoning         Tloc           45%        N/A       1%          3
 Spider Form              Tmut/Pois      45%        N/A       1%          3
 Summon Guardian Golem    Hex/Summ       45%        N/A       1%          3
 Leda's Liquefaction      Hex/Erth       22%        N/A       1%          4
 Passage of Golubria      Tloc           45%        N/A       1%          4
 Sticky Flame             Conj/Fire      47%        2d6       1%          4
 Yara's Violent Unravell  Hex/Tmut       22%        3d10      6%          5
 Statue Form              Tmut/Erth      30%        N/A       32%         6
 Spellforged Servitor     Conj/Summ      22%        N/A       87%         7


Dungeon Overview and Level Annotations

Branches:
Dungeon (15/15)            Temple (1/1) D:7            Lair (6/6) D:11
 Shoals (0/4) Lair:3        Snake (4/4) Lair:4        Slime (0/5) Lair:6
    Orc (2/2) D:9             Elf (0/3) Orc:2        Vaults (0/5) D:13
 Depths (0/4) D:15

Altars:
Ashenzari
Cheibriados
Dithmenos
Elyvilon
Fedhas
Gozag
Hepliaklqana
Kikubaaqudgha
Makhleb
Nemelex Xobeh
Okawaru
Qazlal
Ru
Sif Muna
Trog
Uskayaw
Vehumet
Wu Jian
Xom
Yredelemnul
Zin
The Shining One
Jiyva

Shops:
D:4 ([[   D:10 ([([   D:14 :*?*(   D:15 *   Orc:2 ?*=[*   Snake:2 =[(=

Annotations:
D:14 3 runed translucent doors, Ysothyrgh's ghost, journeyman GrFi


Innate Abilities, Weirdness & Mutations

You have very sharp teeth.
Your uncanny sense of smell can sniff out nearby items.
Your experience applies equally to all skills.
You have a pair of small antennae on your head.
You are partially covered in iridescent scales. (AC +2)
You possess an exceptional clarity of mind.


Message History

The burst of rock shards engulfs the black mamba!!
You kill the black mamba!
The burst of rock shards engulfs the naga mage!
The burst of rock shards engulfs you but does no damage.
The burst of rock shards engulfs the naga mage!
You feel very sick.
You hear a shout!
You hear an angry hiss. x2; You hear a shout! x3
The naga mage mumbles some strange words.
The naga mage seems to speed up.
You block the salamander's attack.
The naga warrior hits you with a +0 short sword.
The naga warrior grabs you. The naga warrior constricts you.
You can now pass through a line of other dancers.
Unknown command.
Unknown command.
The tremorstone explodes into fragments!
The burst of rock shards engulfs the naga warrior.
The burst of rock shards engulfs the naga mage!
You kill the naga mage!
The burst of rock shards engulfs you but does no damage.
The burst of rock shards engulfs the naga warrior!
The tin is emptied!
You feel very sick.
You hear an angry hiss. x3; You hear a shout! x2
The salamander hits you from afar with a +4 halberd!
You are engulfed in flames!
* * * LOW HITPOINT WARNING * * *
Uskayaw will force your foes to helplessly watch your dance.
Unknown command.
Okay, then.
Unknown command.
As you read the scroll of teleportation, it crumbles to dust.
You feel strangely unstable.
You feel sick.
The salamander hits you from afar with a +4 halberd!
* * * LOW HITPOINT WARNING * * *
You are engulfed in flames!
* * * LOW HITPOINT WARNING * * *
Unknown command.
You escape the naga warrior's grasp.
You feel sick.
The salamander hits you from afar with a +4 halberd!
You die...

....'..#......+..# ......
<...#..#......#..###......
.#..#..##.....#...........
#####..#......#...........
.......##'#####....)......
...................(....#
...........######).(....#.
...........#≈≈#.N#{.......
#########..#≈SN.@#........
#..#[≈...#........
#..#≈≈...#........
#..#)....#........
+..#.#...#........
#(#####........ )).
......... )().. ...(...


You could see a naga warrior (poisoned), a salamander and a black mamba.

Vanquished Creatures
  Bai Suzhen (Snake:4)
  Vashnia (Snake:3)
  Saint Roka (Snake:3)
  Jorgrun (Snake:1)
  An azure jelly (Lair:6)
  Roxanne (Snake:1)
  Donald (Snake:3)
  A rockslime (Lair:6)
  Aizul (Snake:1)
  Snorg (D:9)
  An ettin (D:9)
  Josephine (D:10)
  Erolcha (Orc:1)
  A yaktaur captain (D:13)
  A salamander tyrant (Snake:3)
  9 naga warriors
  8 hydras
  3 centaur warriors
  4 boulder beetles
  A catoblepas (Lair:6)
  A merfolk avatar (Lair:6)
  2 dancing weapons (D:13)
  6 anacondas
  4 two-headed ogres
  A death knight (D:14)
  A tengu warrior (D:15)
  The ghost of benappo the Charlatan, a novice GnWn of Ashenzari (D:9)
  7 death yaks (Lair:4)
  8 naga sharpshooters
  3 orc high priests (Orc:2)
  2 shock serpents
  4 skeletal warriors (D:15)
  A salamander mystic (Snake:3)
  A flayed ghost (D:13)
  9 naga ritualists
  2 wizards (D:15)
  A swamp dragon (shapeshifter) (D:13)
  9 mana vipers
  11 orc knights
  A harpy (Lair:6)
  A necromancer (D:15)
  20 ugly things
  A faun (shapeshifter) (D:15)
  6 orc sorcerers
  2 manticores
  11 salamanders
  Maurice (D:8)
  3 cyclopes
  2 merfolk sirens (Lair:3)
  14 elephants
  12 naga magi
  51 black mambas
  3 guardian serpents
  2 gargoyles
  2 torpor snails
  12 cane toads
  An unseen horror (D:13)
  4 rime drakes
  An unseen horror (shapeshifter) (D:13)
  A tengu conjurer (D:15)
  A rime drake (shapeshifter) (D:14)
  14 komodo dragons
  A hellwing (Orc:2)
  A yaktaur (Lair:6)
  3 trolls
  3 polar bears
  Prince Ribbit (D:8)
  3 meliai (D:15)
  2 merfolk (Lair:3)
  2 hornets
  A queen bee (D:10)
  2 wind drakes (Lair:6)
  Grinder (D:5)
  3 slime creatures (Lair:6)
  38 blink frogs
  A centaur simulacrum (D:15)
  Sigmund (D:4)
  2 vampires
  A spriggan (Lair:6)
  A shadow (D:11)
  7 wraiths
  3 wyverns
  16 fire elementals
  67 yaks
  A basilisk (shapeshifter) (D:13)
  7 basilisks
  Eustachio (D:6)
  A steam dragon (Lair:6)
  3 wargs
  Menkaure (D:5)
  6 vampire mosquitoes
  2 acid dragons
  Edmund (D:4)
  33 nagas
  23 water moccasins
  5 hell hounds
  4 black bears
  22 orc warriors
  8 ogres
  3 wolves (Lair:3)
  11 centaurs
  10 bullfrogs
  A kobold brigand (D:8)
  Blork the orc (D:5)
  2 scorpions
  28 killer bees
  4 electric eels
  A howler monkey (D:10)
  5 wights
  7 centaur zombies
  13 orc priests
  11 jellies
  A gnoll shaman (Orc:2)
  3 hounds (D:5)
  A centaur skeleton (D:6)
  2 iguanas
  16 orc wizards
  5 hell rats (Lair:3)
  2 hound skeletons
  2 howler monkey zombies (D:9)
  8 adders
  6 gnolls (Orc:2)
  4 shadow imps
  A white imp (D:7)
  An ufetubus (D:5)
  An adder skeleton (D:4)
  A worm (D:5)
  2 dart slugs
  57 orcs
  4 bats
  10 endoplasms
  8 giant cockroaches
  8 goblins
  7 hobgoblins
  6 quokkas
  7 ball pythons
  A frilled lizard (D:2)
  8 kobolds
  4 rats
831 creatures vanquished.

Vanquished Creatures (collateral kills)
  A rockslime (Lair:6)
  A manticore (D:13)
  An orc sorcerer (Orc:2)
  A blink frog (Lair:6)
  An orc priest (Orc:2)
5 creatures vanquished.

Vanquished Creatures (others)
  9 dancing weapons
  A yak (Lair:1)
  An orc warrior (Snake:3)
  2 killer bees (D:10)
  167 foxfires
  35 fungi
  77 plants
292 creatures vanquished.

Grand Total: 1128 creatures vanquished

Notes
Turn   | Place    | Note
-------+----------+-------------------------------------------
     0 | D:1      | emperorscorpion the Gnoll Cinder Acolyte began the quest
                  | for the Orb.
     0 | D:1      | Reached XP level 1. HP: 23/23 MP: 4/4
   127 | D:1      | Reached XP level 2. HP: 19/29 MP: 5/5
   130 | D:1      | Learned a level 2 spell: Scorch
   477 | D:1      | Found a faded altar of an unknown god.
   989 | D:1      | Reached XP level 3. HP: 35/35 MP: 1/7
  1770 | D:2      | Reached skill level 1 in Invocations
  2487 | D:3      | Reached skill level 1 in Short Blades
  2487 | D:3      | Reached skill level 1 in Long Blades
  2487 | D:3      | Reached skill level 1 in Maces & Flails
  2487 | D:3      | Reached skill level 1 in Polearms
  2487 | D:3      | Reached skill level 1 in Staves
  2487 | D:3      | Reached skill level 1 in Slings
  2487 | D:3      | Reached skill level 1 in Bows
  2487 | D:3      | Reached skill level 1 in Crossbows
  2487 | D:3      | Reached skill level 1 in Throwing
  2487 | D:3      | Reached skill level 1 in Armour
  2487 | D:3      | Reached skill level 1 in Dodging
  2487 | D:3      | Reached skill level 1 in Stealth
  2487 | D:3      | Reached skill level 1 in Shields
  2487 | D:3      | Reached skill level 1 in Unarmed Combat
  2487 | D:3      | Reached skill level 1 in Evocations
  2503 | D:3      | Reached XP level 4. HP: 28/41 MP: 0/8
  2876 | D:3      | Reached skill level 1 in Conjurations
  2876 | D:3      | Reached skill level 1 in Hexes
  2876 | D:3      | Reached skill level 1 in Summonings
  2876 | D:3      | Reached skill level 1 in Necromancy
  2876 | D:3      | Reached skill level 1 in Translocations
  2876 | D:3      | Reached skill level 1 in Transmutations
  2876 | D:3      | Reached skill level 1 in Ice Magic
  2876 | D:3      | Reached skill level 1 in Air Magic
  2876 | D:3      | Reached skill level 1 in Earth Magic
  2876 | D:3      | Reached skill level 1 in Poison Magic
  3118 | D:3      | You fall into a shaft and drop 2 floors!
  3118 | D:5      | Entered Level 5 of the Dungeon
  3150 | D:5      | Reached XP level 5. HP: 47/47 MP: 4/9
  3197 | D:5      | Noticed an ogre
  3201 | D:5      | Killed an ogre
  3227 | D:5      | Noticed Menkaure
  3238 | D:5      | Killed Menkaure
  3238 | D:5      | Noticed a water moccasin
  3239 | D:5      | Reached XP level 6. HP: 53/53 MP: 9/11
  3242 | D:5      | Killed a water moccasin
  3253 | D:5      | Reached XP level 7. HP: 38/59 MP: 0/12
  3628 | D:5      | Noticed Grinder
  3639 | D:5      | Killed Grinder
  3850 | D:5      | Learned a level 3 spell: Conjure Flame
  3978 | D:3      | Found a basalt altar of Yredelemnul.
  3980 | D:3      | Found a shimmering blue altar of Sif Muna.
  3980 | D:3      | Found a shimmering altar of Xom.
  3983 | D:3      | Found a basalt altar of Yredelemnul.
  3983 | D:3      | Found a sparkling altar of Nemelex Xobeh.
  3983 | D:3      | Found a burning altar of Makhleb.
  4177 | D:3      | Learned a level 3 spell: Vampiric Draining
  4474 | D:3      | Reached XP level 8. HP: 67/67 MP: 7/14
  4755 | D:4      | Identified a scroll of acquirement
  4756 | D:4      | Acquired the +1 cloak of Starlight {*Dazzle EV+4 Stlth--}
  4756 | D:4      | Found the +1 cloak of Starlight {*Dazzle EV+4 Stlth--}
  4781 | D:4      | Found Oliathud's Weapon Shoppe.
  4915 | D:4      | Found Xoreng's Antique Armour Shoppe.
  4962 | D:4      | Bought a smoking robe for 108 gold pieces
  4962 | D:4      | Identified the +1 robe "Gunin" {Will+ SInv} (You bought it
                  | in a shop on level 4 of the Dungeon)
  5016 | D:4      | Found Lasoirr's Antique Armour Shoppe.
  5076 | D:4      | Noticed Edmund
  5088 | D:4      | Killed Edmund
  5098 | D:4      | Noticed Sigmund
  5440 | D:4      | Found Oliathud's Weapon Shoppe.
  5560 | D:4      | Found Xoreng's Antique Armour Shoppe.
  5576 | D:4      | Found Lasoirr's Antique Armour Shoppe.
  5594 | D:4      | Killed Sigmund
  5709 | D:5      | Noticed Blork the orc
  5720 | D:5      | Killed Blork the orc
  6269 | D:6      | Noticed Eustachio
  6365 | D:6      | Found a sparkling altar of Nemelex Xobeh.
  6366 | D:6      | Found an opulent altar of Gozag.
  6822 | D:6      | Reached XP level 9. HP: 72/72 MP: 11/16
  7227 | D:6      | Killed Eustachio
  7355 | D:7      | Reached skill level 5 in Spellcasting
  7676 | D:7      | Found a staircase to the Ecumenical Temple.
  7836 | D:7      | Noticed a hornet
  7848 | D:7      | Killed a hornet
  9212 | D:8      | Noticed Prince Ribbit
  9215 | D:8      | Reached skill level 5 in Invocations
  9239 | D:8      | Reached XP level 10. HP: 76/80 MP: 1/18
  9264 | D:8      | Killed Prince Ribbit
  9265 | D:8      | Reached skill level 5 in Short Blades
  9265 | D:8      | Reached skill level 5 in Long Blades
  9265 | D:8      | Reached skill level 5 in Maces & Flails
  9265 | D:8      | Reached skill level 5 in Polearms
  9265 | D:8      | Reached skill level 5 in Staves
  9265 | D:8      | Reached skill level 5 in Slings
  9265 | D:8      | Reached skill level 5 in Bows
  9265 | D:8      | Reached skill level 5 in Crossbows
  9265 | D:8      | Reached skill level 5 in Throwing
  9265 | D:8      | Reached skill level 5 in Armour
  9265 | D:8      | Reached skill level 5 in Dodging
  9265 | D:8      | Reached skill level 5 in Stealth
  9265 | D:8      | Reached skill level 5 in Shields
  9265 | D:8      | Reached skill level 5 in Unarmed Combat
  9265 | D:8      | Reached skill level 5 in Evocations
  9896 | D:8      | Noticed Maurice
  9904 | D:8      | Killed Maurice
 10764 | D:9      | Noticed a two-headed ogre
 10768 | D:9      | Killed a two-headed ogre
 11028 | D:9      | Found a bloodstained altar of Trog.
 11030 | D:9      | Found a shadowy altar of Dithmenos.
 11170 | D:9      | Found a staircase to the Orcish Mines.
 11972 | D:9      | Found a runed translucent gate.
 11972 | D:9      | Found a runed translucent gate.
 11972 | D:9      | Found a runed translucent gate.
 11972 | D:9      | Noticed benappo's ghost (novice GnWn)
 11974 | D:9      | Found a basalt altar of Yredelemnul.
 12388 | D:10     | Entered Level 10 of the Dungeon
 12583 | D:10     | Noticed Josephine
 12608 | D:10     | Killed Josephine
 12609 | D:10     | Reached XP level 11. HP: 35/87 MP: 1/20
 12645 | D:10     | Reached skill level 5 in Conjurations
 12645 | D:10     | Reached skill level 5 in Hexes
 12645 | D:10     | Reached skill level 5 in Summonings
 12645 | D:10     | Reached skill level 5 in Necromancy
 12645 | D:10     | Reached skill level 5 in Translocations
 12645 | D:10     | Reached skill level 5 in Transmutations
 12645 | D:10     | Reached skill level 5 in Ice Magic
 12645 | D:10     | Reached skill level 5 in Air Magic
 12645 | D:10     | Reached skill level 5 in Earth Magic
 12645 | D:10     | Reached skill level 5 in Poison Magic
 12998 | D:10     | Found Heclejil's Antique Armour Shop.
 13158 | D:10     | Found Itarethru's Antique Weapon Emporium.
 13405 | D:10     | Noticed a two-headed ogre
 13411 | D:10     | Killed a two-headed ogre
 14043 | D:10     | Found Uxith's Armour Boutique.
 14107 | D:10     | Found Paheu's Weapon Shop.
 14115 | D:10     | Bought 6 datura-tipped darts for 31 gold pieces
 14401 | D:11     | Noticed a manticore
 14423 | D:11     | Killed a manticore
 14502 | D:11     | Noticed an orc knight
 14541 | D:11     | Killed an orc knight
 14698 | D:11     | Noticed a two-headed ogre
 14703 | D:11     | Killed a two-headed ogre
 14782 | D:11     | Found a staircase to the Lair.
 15130 | D:11     | Reached XP level 12. HP: 87/96 MP: 7/23
 15673 | D:12     | Noticed a seven-headed hydra
 16037 | D:12     | Killed a seven-headed hydra
 17201 | D:12     | Noticed a boulder beetle
 17216 | D:12     | Killed a boulder beetle
 17749 | D:9      | Killed benappo's ghost
 17795 | D:9      | Gained mutation: You are frail. (-10% HP) [potion of
                  | mutation]
 17795 | D:9      | Lost mutation: You are frail. (-10% HP) [potion of
                  | mutation]
 17854 | Orc:1    | Entered Level 1 of the Orcish Mines
 17854 | Orc:1    | Noticed Snorg
 17867 | D:9      | Killed Snorg
 17868 | D:9      | Reached skill level 10 in Fighting
 17868 | D:9      | Reached skill level 10 in Axes
 17986 | Orc:1    | Noticed an ettin
 18105 | Temple   | Entered the Ecumenical Temple
 18292 | Temple   | Fell from the grace of Ignis
 18292 | Temple   | Became a worshipper of Uskayaw the Reveller
 18420 | Lair:1   | Entered Level 1 of the Lair of Beasts
 18490 | Lair:1   | Found a stormy altar of Qazlal.
 18497 | Lair:1   | Reached * piety under Uskayaw
 18564 | Lair:1   | Reached ** piety under Uskayaw
 18567 | Lair:1   | Reached *** piety under Uskayaw
 19301 | D:13     | Noticed an eight-headed hydra
 19316 | D:13     | Killed an eight-headed hydra
 19318 | D:13     | Noticed a boulder beetle
 19355 | D:13     | Killed a boulder beetle
 19356 | D:13     | Reached XP level 13. HP: 23/103 MP: 5/25
 19658 | D:13     | Found a gate to the Vaults.
 19928 | D:13     | Noticed a yaktaur captain
 19939 | D:13     | Killed a yaktaur captain
 19939 | D:13     | Reached **** piety under Uskayaw
 19946 | D:13     | Identified the ring of Lonox {+Blink rN+ Int+4 Stlth+}
 20054 | D:13     | You fall into a shaft and drop 2 floors!
 20054 | D:15     | Entered Level 15 of the Dungeon
 20179 | D:14     | Found Vidolod's Weapon Emporium.
 20459 | D:14     | Found a runed translucent gate.
 20459 | D:14     | Found a runed translucent gate.
 20459 | D:14     | Found a runed translucent gate.
 20460 | D:14     | Noticed Ysothyrgh's ghost (journeyman GrFi)
 20861 | D:14     | Found Ekir's General Store.
 20865 | D:14     | Bought a wand of acid (3) for 196 gold pieces
 20876 | D:14     | Found Zioviek's Book Shop.
 21412 | D:14     | Found Goimaat's Magic Scroll Emporium.
 21415 | D:14     | Bought a scroll of blinking for 90 gold pieces
 21415 | D:14     | Bought a scroll of fog for 24 gold pieces
 21415 | D:14     | Bought a scroll of blinking for 90 gold pieces
 21516 | D:14     | Found Sar Xuapp's General Store.
 21524 | D:14     | Bought a wand of iceblast (5) for 117 gold pieces
 21615 | D:14     | Found an ornate altar of the Wu Jian Council.
 22172 | D:14     | Reached ***** piety under Uskayaw
 22281 | D:14     | Was forgiven by Ignis
 22861 | D:14     | Bought a +0 hand crossbow of flaming for 116 gold pieces
 24263 | D:15     | Learned a level 3 spell: Teleport Other
 24550 | D:15     | Reached XP level 14. HP: 113/113 MP: 18/27
 24681 | D:15     | Found a staircase to the Depths.
 25460 | D:15     | Found a blossoming altar of Fedhas.
 25639 | D:15     | Acquired the ring "Agomyoj" {Wiz rElec rC+ rN+ Str-2}
 25679 | D:15     | Found Fanibi Xona's Assorted Antiques.
 26412 | Lair:1   | Reached skill level 10 in Invocations
 27858 | D:4      | Bought a steaming chain mail for 180 gold pieces
 27858 | D:4      | Identified the +2 chain mail of Juureapp {Str+3} (You
                  | bought it in a shop on level 4 of the Dungeon)
 27872 | D:4      | Learned a level 3 spell: Gell's Gravitas
 28094 | Lair:2   | Reached ****** piety under Uskayaw
 28283 | Lair:2   | Got the Incunabulum of the Damaging Birds
 28689 | Lair:2   | Reached skill level 10 in Spellcasting
 29866 | Lair:3   | Reached XP level 15. HP: 88/119 MP: 29/29
 30100 | Lair:3   | Found a staircase to the Shoals.
 30632 | Lair:4   | Reached skill level 10 in Fire Magic
 30979 | Lair:4   | Reached skill level 10 in Short Blades
 30979 | Lair:4   | Reached skill level 10 in Long Blades
 30979 | Lair:4   | Reached skill level 10 in Maces & Flails
 30979 | Lair:4   | Reached skill level 10 in Polearms
 30979 | Lair:4   | Reached skill level 10 in Staves
 30979 | Lair:4   | Reached skill level 10 in Slings
 30979 | Lair:4   | Reached skill level 10 in Bows
 30979 | Lair:4   | Reached skill level 10 in Crossbows
 30979 | Lair:4   | Reached skill level 10 in Throwing
 30979 | Lair:4   | Reached skill level 10 in Armour
 30979 | Lair:4   | Reached skill level 10 in Dodging
 30979 | Lair:4   | Reached skill level 10 in Stealth
 30979 | Lair:4   | Reached skill level 10 in Shields
 30979 | Lair:4   | Reached skill level 10 in Unarmed Combat
 30979 | Lair:4   | Reached skill level 10 in Evocations
 31057 | Lair:4   | Found a staircase to the Snake Pit.
 32438 | Lair:6   | Entered Level 6 of the Lair of Beasts
 32474 | Lair:6   | Noticed Nessos
 32484 | Lair:6   | Noticed Nessos
 32484 | Lair:6   | Nessos changed into Nessos the yaktaur
 32505 | Lair:6   | Killed Nessos the yaktaur
 32958 | Lair:6   | Found a viscous altar of Jiyva.
 33110 | Lair:6   | Noticed Urug
 33139 | Lair:6   | Noticed Urug
 33139 | Lair:6   | Urug changed into Urug the spriggan
 33141 | Lair:6   | Killed Urug the spriggan
 33632 | Lair:6   | Gained mutation: You are partially covered in iridescent
                  | scales. (AC +2) [potion of mutation]
 33632 | Lair:6   | Gained mutation: You have a pair of small antennae on your
                  | head. [potion of mutation]
 33632 | Lair:6   | Gained mutation: You possess an exceptional clarity of
                  | mind. [potion of mutation]
 33668 | Lair:6   | Found a staircase to the Slime Pits.
 33795 | Lair:6   | Found the +7 captain's cutlass {speed, disarm}
 33821 | Lair:6   | Learned a level 3 spell: Tukima's Dance
 33827 | Lair:6   | Learned a level 5 spell: Lightning Bolt
 34074 | Lair:6   | Reached XP level 16. HP: 128/128 MP: 30/30
 34325 | Lair:6   | Found a viscous altar of Jiyva.
 34360 | Lair:6   | Noticed a rockslime
 34360 | Lair:6   | Noticed an azure jelly
 34360 | Lair:6   | Noticed a rockslime
 34363 | Lair:6   | Killed an azure jelly
 34368 | Lair:6   | Killed a rockslime
 34374 | Lair:6   | Killed a rockslime
 34374 | Lair:6   | HP: 4/129 [cloud of flame (20)]
 36114 | Orc:2    | Entered Level 2 of the Orcish Mines
 36114 | Orc:2    | Found a staircase to the Elven Halls.
 36120 | Orc:2    | Paralysed by an orc sorcerer for 5 turns
 36200 | Orc:2    | Found Aute's Alliterative Accessories.
 36205 | Orc:2    | Noticed Erolcha
 36211 | Orc:2    | Noticed Azrael
 36267 | Orc:1    | Killed Erolcha
 37721 | Orc:2    | Noticed Azrael
 37721 | Orc:2    | Azrael changed into Azrael the hellwing
 37736 | Orc:2    | Killed Azrael the hellwing
 37813 | Orc:2    | Bought a scroll of acquirement for 572 gold pieces
 37813 | Orc:2    | Acquired the +2 pair of gloves of Hedonism {Regen+ Str+4
                  | Dex-4 Stlth+}
 38070 | Orc:2    | Found Libeibif's General Store.
 38070 | Orc:2    | Found Ownuyj's Magic Scroll Shoppe.
 38072 | Orc:2    | Found Cimm's Armour Boutique.
 38072 | Orc:2    | Found Faseataj's Jewellery Shoppe.
 38084 | Orc:2    | Bought a scroll of holy word for 82 gold pieces
 38084 | Orc:2    | Bought a scroll of teleportation for 33 gold pieces
 38084 | Orc:2    | Bought 2 scrolls of fog for 44 gold pieces
 38092 | Orc:2    | Bought a lightning rod (4/4) for 360 gold pieces
 38264 | Snake:1  | Entered Level 1 of the Snake Pit
 38898 | Snake:1  | Noticed Jorgrun
 38918 | Snake:1  | Killed Jorgrun
 38981 | Snake:1  | Noticed Aizul
 38993 | Snake:1  | Killed Aizul
 39961 | Snake:1  | Noticed Roxanne
 40005 | Snake:1  | Killed Roxanne
 40017 | Snake:1  | Learned a level 5 spell: Lee's Rapid Deconstruction
 40263 | Snake:2  | Reached XP level 17. HP: 43/136 MP: 32/32
 40280 | Snake:2  | HP: 5/136 [naga warrior (19)]
 40928 | Snake:2  | Found Ackuc's Antique Weapon Shop.
 40932 | Snake:2  | Found Ytzuoxza's Jewellery Shop.
 40932 | Snake:2  | Found Xaiwaisu's Jewellery Boutique.
 40938 | Snake:2  | Found Miorryqask's Antique Armour Boutique.
 41279 | Snake:2  | You fall into a shaft and drop 1 floor!
 41279 | Snake:3  | Noticed Saint Roka
 41289 | Snake:3  | Killed Saint Roka
 41331 | Snake:3  | Noticed Donald
 41350 | Snake:3  | Killed Donald
 41691 | Snake:3  | Noticed Vashnia
 41695 | Snake:3  | Killed Vashnia
 42231 | Snake:3  | Reached skill level 10 in Conjurations
 42231 | Snake:3  | Reached skill level 10 in Hexes
 42231 | Snake:3  | Reached skill level 10 in Summonings
 42231 | Snake:3  | Reached skill level 10 in Necromancy
 42231 | Snake:3  | Reached skill level 10 in Translocations
 42231 | Snake:3  | Reached skill level 10 in Transmutations
 42231 | Snake:3  | Reached skill level 10 in Ice Magic
 42231 | Snake:3  | Reached skill level 10 in Air Magic
 42231 | Snake:3  | Reached skill level 10 in Earth Magic
 42231 | Snake:3  | Reached skill level 10 in Poison Magic
 42996 | Snake:4  | Entered Level 4 of the Snake Pit
 42997 | Snake:4  | Found an iron altar of Okawaru.
 43245 | Snake:4  | Acquired 920 gold pieces
 43303 | Snake:4  | Noticed Bai Suzhen
 43321 | Snake:4  | Killed Bai Suzhen
 43337 | Snake:4  | Slain by a salamander

Illustrated notes

Levels and vault maps discovered:
D:1:      psy_arrival_basics, layout_basic,
          shapermc_ecumenical_altar_starsandcircs, minmay_three_crescents
D:2:      layout_basic, serial_bayou_pond_a, minmay_parallelograms
D:3:      kb_forest_paths, layout_basic, doesnt_xom_only_xom
D:4:      layout_rooms, serial_shops, kennysheep_little_box,
          nicolae_shop_crystal, nicolae_stop_n_shop_1, sigmund_edmund_badplayer
D:5:      layout_basic, kennysheep_small_square, uniq_menkaure,
          uniq_blork_the_orc, uniq_grinder
D:6:      layout_rooms, grunt_temple_overflow_opulence, uniq_eustachio
D:7:      layout_layer_cave, minmay_temple_entry_ruins
D:8:      layout_loops_ring, lemuel_flamethrower_2, uniq_maurice,
          uniq_prince_ribbit1
D:9:      layout_irregular_city, nicolae_yredelemnul_ghost_church,
          mainiacjoe_overflow_big_doors, erik_orc_4
D:10:     layout_loops_corners, special_room [special_room_bee], serial_shops,
          nicolae_diamond_shop, nicolae_shop_crystal,
          nicolae_shop_bloodbath_and_beyond, shop, chequers_arboretum,
          uniq_josephine
D:11:     layout_loops_ring, david_lair_shrubbed
D:12:     layout_loops_corners, nicolae_twisting_strands
D:13:     layout_basic, erik_vaults_1, chequers_serial_rivers_micro_e,
          minmay_radiant
D:14:     layout_roguey, ebering_ghost_rock_garden,
          nicolae_wu_jian_wuxing_cycle, serial_shops, nicolae_diamond_shop,
          nicolae_stop_n_shop_1, nicolae_square_shop, nicolae_stop_n_shop_2,
          kennysheep_mini
D:15:     grunt_enter_depths_magical_seal, layout_basic, fedhas_altar_3,
          serial_shops, nicolae_diamond_shop
Temple:   eino_temple_scatter_basement
Lair:1:   layout_regular_city, basic_altar, grunt_megastairs_5
Lair:2:   layout_cave_shapes, gauntlet_entry_generic, serial_bayou_shore_b,
          lemuel_fruit_tree, grunt_megastairs_3
Lair:3:   layout_chaotic_city, elwin_shoals_entry_stream, wad_woods_river_03,
          infiniplex_staircase_pool_2, grunt_megastairs_2, serial_bayou_shore_a
Lair:4:   layout_big_grid, minmay_snake_entry_six_corridors
Lair:5:   layout_regular_city, nicolae_quartered_pool_medium,
          serial_bayou_ford_a, lemuel_fruit_fields
Lair:6:   gammafunk_lair_ancient_temple, layout_long_grid, slime_altar_1,
          special_room [special_room_jelly], uniq_nessos, uniq_urug
Snake:1:  layout_cave_pods, serial_bayou_crossing, uniq_aizul, uniq_roxanne,
          uniq_jorgrun
Snake:2:  layout_honeycomb, grunt_ministairs_15, minmay_shoptagon
Snake:3:  layout_grid_maze, uniq_saint_roka, uniq_donald, uniq_vashnia
Snake:4:  johnstein_snake_rune_scales, layout_cave_town, basic_altar,
          uniq_bai_suzhen
Orc:1:    layout_caves, uniq_snorg
Orc:2:    grunt_orc_tribal_feast, layout_caves, nicolae_alphabet_shops,
          uniq_azrael, uniq_erolcha

Skill      XL: |  1  2  3  4  5  6  7  8  9 10 11 12 13 14 15 16 17 |
---------------+----------------------------------------------------+-----
Invocations    | 1 2 3 4 5 6 7 8 9 10 11 12 13 | 13.0
Short Blades   | 1 2 3 4 5 6 7 8 9 10 11 12 | 12.0
Long Blades    | 1 2 3 4 5 6 7 8 9 10 11 12 | 12.0
Maces & Flails | 1 2 3 4 5 6 7 8 9 10 11 12 | 12.0
Polearms       | 1 2 3 4 5 6 7 8 9 10 11 12 | 12.0
Staves         | 1 2 3 4 5 6 7 8 9 10 11 12 | 12.0
Slings         | 1 2 3 4 5 6 7 8 9 10 11 12 | 12.0
Bows           | 1 2 3 4 5 6 7 8 9 10 11 12 | 12.0
Crossbows      | 1 2 3 4 5 6 7 8 9 10 11 12 | 12.0
Throwing       | 1 2 3 4 5 6 7 8 9 10 11 12 | 12.0
Armour         | 1 2 3 4 5 6 7 8 9 10 11 12 | 12.0
Dodging        | 1 2 3 4 5 6 7 8 9 10 11 12 | 12.0
Stealth        | 1 2 3 4 5 6 7 8 9 10 11 12 | 12.0
Shields        | 1 2 3 4 5 6 7 8 9 10 11 12 | 12.0
Unarmed Combat | 1 2 3 4 5 6 7 8 9 10 11 12 | 12.0
Evocations     | 1 2 3 4 5 6 7 8 9 10 11 12 | 12.0
Spellcasting   | 3 4 5 6 7 8 9 10 11 12 | 12.3
Conjurations   | 1 2 3 4 5 6 7 8 9 10 | 10.1
Hexes          | 1 2 3 4 5 6 7 8 9 10 | 10.1
Summonings     | 1 2 3 4 5 6 7 8 9 10 | 10.1
Necromancy     | 1 2 3 4 5 6 7 8 9 10 | 10.1
Translocations | 1 2 3 4 5 6 7 8 9 10 | 10.1
Transmutations | 1 2 3 4 5 6 7 8 9 10 | 10.1
Ice Magic      | 1 2 3 4 5 6 7 8 9 10 | 10.1
Air Magic      | 1 2 3 4 5 6 7 8 9 10 | 10.1
Earth Magic    | 1 2 3 4 5 6 7 8 9 10 | 10.1
Poison Magic   | 1 2 3 4 5 6 7 8 9 10 | 10.1
Fighting       | 7 8 9 10 11 12 13 | 13.5
Axes           | 7 8 9 10 11 12 13 | 13.5
Fire Magic     | 6 7 8 9 10 11 | 11.5

Action                   |  1- 3 |  4- 6 |  7- 9 | 10-12 | 13-15 | 16-18 || total
-------------------------+-------+-------+-------+-------+-------+-------++-------
Melee: Hand axe          |    53 |     4 |       |       |       |       ||    57
       Bite              |     2 |       |     8 |    39 |   131 |    56 ||   236
       Dagger            |       |     4 |    71 |    98 |       |       ||   173
       Flail             |       |       |       |   158 |   213 |       ||   371
       Long sword        |       |       |       |     8 |    99 |       ||   107
       War axe           |       |       |       |       |   672 |   198 ||   870
       Cutlass           |       |       |       |       |    17 |    17 ||    34
       Scimitar          |       |       |       |       |       |   225 ||   225
 Fire: Hand crossbow     |       |       |       |       |   269 |   250 ||   519
Throw: Boomerang         |       |       |    13 |     8 |       |       ||    21
       Dart              |       |       |       |    58 |    37 |    14 ||   109
       Javelin           |       |       |       |       |       |    16 ||    16
       Throwing net      |       |       |       |       |       |     2 ||     2
 Cast: Scorch            |    31 |    20 |   153 |   281 |   119 |     8 ||   612
       Conjure Flame     |       |       |     5 |    13 |       |       ||    18
       Vampiric Draining |       |       |       |     1 |       |       ||     1
       Gell's Gravitas   |       |       |       |       |     5 |    37 ||    42
       Tukima's Dance    |       |       |       |       |       |    54 ||    54
       Lightning Bolt    |       |       |       |       |       |    10 ||    10
       Lee's Rapid Decon |       |       |       |       |       |    18 ||    18
       Teleport Other    |       |       |       |       |       |     1 ||     1
Invok: Foxfire Swarm     |       |     2 |     2 |     5 |       |       ||     9
       Line Pass         |       |       |       |     2 |     3 |     1 ||     6
       Rising Flame      |       |       |       |     1 |       |       ||     1
       Grand Finale      |       |       |       |       |     3 |     8 ||    11
       Stomp             |       |       |       |       |     1 |       ||     1
Evoke: Wand              |       |       |       |    19 |     7 |    15 ||    41
       Tin of tremorston |       |       |       |       |     4 |     7 ||    11
       Condenser vane    |       |       |       |       |     1 |     6 ||     7
       Lightning rod     |       |       |       |       |       |    11 ||    11
       Phial of floods   |       |       |       |       |       |     2 ||     2
  Use: Scroll            |     2 |     1 |     5 |    17 |     9 |    15 ||    49
       Potion            |       |       |       |     5 |     8 |     4 ||    17
 Stab: Sleeping          |       |       |     3 |       |     2 |     3 ||     8
       Invisible         |       |       |     1 |    14 |    54 |     5 ||    74
       Paralysed         |       |       |       |     8 |    96 |    48 ||   152
Armor: Robe              |     6 |     2 |     9 |    55 |    79 |       ||   151
       Chain mail        |       |       |       |       |   240 |    55 ||   295
       Ring mail         |       |       |       |       |       |    89 ||    89
Dodge: Dodged            |    51 |     6 |    60 |   237 |   607 |   285 ||  1246
Block: Buckler           |       |     3 |    53 |   280 |   787 |   276 ||  1399
       Reflection        |       |       |     2 |    10 |    19 |    26 ||    57
       Kite shield       |       |       |       |       |       |   112 ||   112

Table legend: (Time is in decaauts)
 A = Elapsed time spent in this place.
 B = Non-inter-level travel time spent in this place.
 C = Inter-level travel time spent in this place.
 D = Time resting spent in this place.
 E = Time spent auto-exploring this place.
 F = Levels seen in this place.
 G = Mean time per level.
                   A        B        C        D        E       F      G
               +--------+--------+--------+--------+--------+-----+--------+
         Total |  43294 |  39938 |   3356 |   3436 |  29924 |  28 | 1546.2 |
       Dungeon |  27409 |  24978 |   2431 |   2221 |  19255 |  15 | 1827.3 |
        Temple |    198 |    171 |     27 |      0 |    156 |   1 |  198.0 |
          Lair |   8570 |   7995 |    575 |    652 |   5708 |   6 | 1428.3 |
     Snake Pit |   4658 |   4438 |    220 |    333 |   3128 |   4 | 1164.5 |
  Orcish Mines |   2456 |   2355 |    101 |    230 |   1676 |   2 | 1228.0 |
               +--------+--------+--------+--------+--------+-----+--------+

Top non-repeatable levels by time:
    D:15: 2880 daAuts
    D:14: 2633 daAuts
     D:9: 2433 daAuts
    D:11: 2398 daAuts
     D:8: 2264 daAuts
  Lair:6: 2200 daAuts
    D:10: 2055 daAuts
    D:12: 1981 daAuts
    D:13: 1646 daAuts
     D:1: 1602 daAuts
 Snake:3: 1597 daAuts
 Snake:1: 1578 daAuts
     D:5: 1577 daAuts
     D:7: 1575 daAuts
  Lair:1: 1564 daAuts
